 Dungeon Crawl Stone Soup version 0.17-a0-1534-gf98da79 (webtiles) character file.

49 Malachi the Skirmisher (level 3, 0/29 HPs)
             Began as a Demonspawn Fighter on July 17, 2015.
             Slain by an orc (4 damage)
             ... on level 3 of the Dungeon.
             The game lasted 00:02:08 (1853 turns).

Malachi the Skirmisher (Demonspawn Fighter)         Turns: 1853, Time: 00:02:09

Health: 0/29       AC:  9    Str: 17    XL:     3   Next: 53%
Magic:  3/3        EV:  9    Int:  9    God:
Gold:   107        SH:  0    Dex: 12    Spells: 0 memorised, 2 levels left

rFire  . . .     SeeInvis .     a - +0 war axe
rCold  . . .     Clarity  .     b - +0 scale mail
rNeg   . . .     SustAt   .     (no shield)
rPois  .         Gourm    .     (no helmet)
rElec  .         Spirit   .     (no cloak)
rCorr  .         Warding  .     (no gloves)
rMut   .         Stasis   .     (no boots)
MR     .....                    (no amulet)
Stlth  ..........               (no ring)
                                (no ring)

@: not resistant to hostile enchantments, extremely unstealthy
A: thin metallic scales 2
a: no special abilities


You were on level 3 of the Dungeon.
You were not hungry.

You visited 1 branch of the dungeon, and saw 3 of its levels.

You collected 107 gold pieces.

Inventory:

Hand weapons
 a - a +0 war axe (weapon)
Armour
 b - a +0 scale mail (worn)
 c - a +0 shield
Jewellery
 f - an uncursed amulet of rage {unknown}
Scrolls
 g - a scroll of enchant armour {unknown}
 h - 2 scrolls of identify {unknown}
 m - a scroll of amnesia {unknown}
 n - a scroll of blinking {unknown}
 o - 2 scrolls of remove curse {unknown}
Potions
 d - a potion of might
Books
 l - a book of Alchemy

   Spells                             Type                      Level
   a - Sublimation of Blood           Necromancy                   2
   b - Ignite Poison                  Fire/Transmutation/Poison    3
   c - Alistair's Intoxication        Transmutation/Poison         4
   d - Condensation Shield            Ice                          4
   e - Petrify                        Transmutation/Earth          4
   f - Irradiate                      Conjuration/Transmutation    5
 p - a book of Necromancy

   Spells                             Type                      Level
   a - Pain                           Necromancy                   1
   b - Animate Skeleton               Necromancy                   1
   c - Vampiric Draining              Necromancy                   3
   d - Regeneration                   Charms/Necromancy            3
   e - Animate Dead                   Necromancy                   4
   f - Control Undead                 Necromancy                   4
Comestibles
 e - 2 bread rations
 i - a meat ration
 j - 2 beef jerkies
 k - a royal jelly


   Skills:
 + Level 3.2 Fighting
 + Level 2.2 Axes
 + Level 3.1 Armour
 + Level 1.0 Dodging
 + Level 3.1 Shields


You had 2 spell levels left.
You didn't know any spells.

Dungeon Overview and Level Annotations

Branches:
Dungeon (3/15)

Altars:
Gozag
Yredelemnul


Innate Abilities, Weirdness & Mutations

You are mostly covered in thin metallic scales (AC +3).


Message History

The orc priest invokes the aid of Beogh against you.
Something smites you!
You hit the orc priest but do no damage.
The orc priest hits you but does no damage.
You hit the orc priest.
The orc priest is heavily wounded.
The orc priest hits you with a hand axe.
You hit the orc priest.
The orc priest is heavily wounded.
The orc priest invokes the aid of Beogh against you.
Something smites you!
* * * LOW HITPOINT WARNING * * *
You are too injured to fight recklessly!
You are too injured to fight recklessly!
You are too injured to fight recklessly!
You are too injured to fight recklessly!
You completely miss the orc. You barely miss the orc.
The orc hits you but does no damage.
You barely miss the orc. The orc hits you.
You die...

### #.. #o# #o#
#o# #@#
#######.#.###
#....>.[....#
#.#######.#....
#.# .# ## #.# #
#.# #.# #.#


You could see an orc priest and 2 orcs.

Vanquished Creatures
  An ooze (D:2)
  A worm (D:2)
  4 hobgoblins
  6 jackals (D:1)
  6 kobolds
  8 bats
  A giant gecko (D:2)
  A giant newt (D:1)
  4 goblins
  11 rats
  A spectral orc (D:2)
44 creatures vanquished.

Notes
Turn   | Place    | Note
--------------------------------------------------------------
     0 | D:1      | Malachi the Demonspawn Fighter began the quest for the Orb.
     0 | D:1      | Reached XP level 1. HP: 18/18 MP: 1/1
   147 | D:1      | Gained mutation: You are partially covered in thin metallic scales (AC +2). [demonic ancestry]
   147 | D:1      | Reached XP level 2. HP: 20/24 MP: 2/2
   906 | D:1      | Gained mutation: You are mostly covered in thin metallic scales (AC +3). [demonic ancestry]
   906 | D:1      | Reached XP level 3. HP: 29/29 MP: 3/3
  1256 | D:2      | Found an opulent altar of Gozag.
  1712 | D:2      | Reached skill level 1 in Dodging
  1743 | D:2      | Found a basalt altar of Yredelemnul.
  1853 | D:3      | Slain by an orc

Vault maps used:
D:1:      minmay_arrival_widening_spiral_wide
D:2:      nicolae_gozag_seed_capital, yredelemnul_forgotten_temple_becter
D:3:      minmay_goblin_kobold_castle

Action                   || total
-------------------------++-------
Melee: War axe           ||   124
  Use: Potion            ||     2
  Eat: Chunk             ||     3
